AoeStats
← Infadel

Arabia

510015493Analyzed
1v1 RM · 3d ago on Sep 29, 2026· 34m 15s· 2 players
Game mode
Random Map
Map size
Tiny (2 player)
Population
200
Speed
Normal
Resources
Standard
Victory
Conquest
Starting age
Dark Age
Ending age
Imperial Age
RankedLock teamsTeams togetherTeam positionsShared explorationLock speedFull tech treeHidden civsTurbo modeCheats
Victory
Defeat
🇮🇳 Spanish · India
1120
+15
🇦🇷 Aztecs · Argentina
1105
-15
Medusinnn
5:30 Loom
9:30 Feudal Age
10:34 Double-Bit Axe
10:44 Gold Mining
11:38 Double-Bit Axe
17:00 Scale Mail Armor
20:42 Fletching
31:00 Castle Age
30:16 Padded Archer Armor
32:06 Bodkin Arrow
31:32 Elite Skirmisher
34:49 Leather Archer Armor
Infadel
5:26 Loom
10:16 Feudal Age
17:58 Forging
23:03 Castle Age
23:07 Stone Mining
23:31 Double-Bit Axe
29:56 Fletching
31:55 Wheelbarrow
31:06 Town Watch
32:37 Padded Archer Armor
Connection lost

Rejoining the realm…

Still unreachable

The connection could not be restored.

Session expired

The server has moved on; the page needs a fresh start.